 Dungeon Crawl Stone Soup version 0.25-a0-366-g516bc45ae0 (webtiles) character file.

Game seed: 8212000082870683010, levelgen mode: deterministic

27456 Error4North the Blocker (level 13, -4/113 HPs)
             Began as a Hill Orc Fighter on Jan 4, 2020.
             Was a High Priest of Okawaru.
             Slain by a harpy (20 damage)
             ... summoned by Kirke
             ... on level 11 of the Dungeon on Jan 6, 2020.
             The game lasted 01:17:07 (12904 turns).

Error4North the Blocker (Hill Orc Fighter)         Turns: 12904, Time: 01:17:07

Health: -4/113     AC:  0    Str: 22    XL:     13   Next: 32%
Magic:  17/21      EV: 17    Int: 10    God:    Okawaru [*****.]
Gold:   998        SH:  0    Dex: 10    Spells: 23/23 levels left

rFire    . . .     SeeInvis .     - Unarmed
rCold    . . .     Gourm    .   (shield currently unavailable)
rNeg     . . .     Faith    .   (armour currently unavailable)
rPois    .         Spirit   .   (helmet currently unavailable)
rElec    .         Reflect  .   (cloak currently unavailable)
rCorr    .         Harm     +   (gloves currently unavailable)
MR       .....                  (boots currently unavailable)
Stlth    +++.......             l - amulet of harm
HPRegen  0.28/turn              (ring currently unavailable)
MPRegen  0.17/turn              (ring currently unavailable)

@: pig-form, heroism, finesse, slowed
A: small
a: Heroism, Finesse, Renounce Religion


You were on level 11 of the Dungeon.
You worshipped Okawaru.
Okawaru was extremely pleased with you.
You were not hungry.
You were a filthy swine.
You visited 3 branches of the dungeon, and saw 16 of its levels.

You collected 998 gold pieces.

Inventory:

Hand Weapons
 m - a +3 war axe of flaming (melded)
 n - a +0 hunting sling
Missiles
 g - 332 stones (quivered)
 z - 116 sling bullets
Armour
 a - a +0 cloak (melded)
 h - the +1 plate armour of the Ego (melded) {rElec MP+9}
   (Okawaru gifted it to you on level 12 of the Dungeon)

   It insulates you from electricity.
   It affects your magic capacity (+9).
 u - a +0 pair of boots (melded)
 x - a +0 pair of gloves (melded)
 C - a +2 large shield of protection (melded)
Jewellery
 b - a ring of positive energy (melded)
 l - an amulet of harm (around neck)
 A - a +3 ring of slaying (melded)
 U - a +1 ring of protection
Wands
 D - a wand of polymorph (8)
 P - a wand of acid (5)
 Q - a wand of flame (7)
Scrolls
 c - a scroll of holy word {unknown}
 i - a scroll of immolation {unknown}
 j - 2 scrolls of enchant armour {unknown}
 p - 3 scrolls of remove curse
 q - 3 scrolls of teleportation
 t - 6 scrolls of identify
 v - 2 scrolls of fear
 y - 5 scrolls of amnesia {unknown}
 E - 2 scrolls of fog {unknown}
 F - a scroll of torment {unknown}
 G - a scroll of noise {unknown}
 H - 3 scrolls of magic mapping {unknown}
 I - 2 scrolls of enchant weapon {unknown}
 K - a scroll of blinking {unknown}
 N - a scroll of random uselessness {unknown}
 O - 2 scrolls of silence {unknown}
 R - a scroll of summoning {unknown}
Potions
 d - a potion of might
 e - a potion of invisibility
 k - 2 potions of lignification
 s - 2 potions of brilliance
 B - a potion of degeneration
 J - 2 potions of heal wounds {unknown}
 L - a potion of berserk rage {unknown}
 S - 2 potions of haste {unknown}
Miscellaneous
 V - a phial of floods
Comestibles
 f - 10 rations
 o - 4 chunks of flesh


   Skills:
 * Level 9.9(14.9) Fighting
 + Level 12.3(17.3) Axes
 + Level 3.7(8.7) Slings
 * Level 9.1(14.1) Armour
 + Level 1.0(6.0) Dodging
 + Level 0.4(5.4) Stealth
 * Level 12.6(17.6) Shields
 * Level 5.5 Spellcasting
 * Level 7.4 Invocations
 * Level 7.6 Evocations


You had 23 spell levels left.
You didn't know any spells.
Your spell library contained the following spells:

 Spells                   Type           Power        Failure   Level  Hunger
 Beastly Appendage        Tmut           #.....       22%         1    None
 Magic Dart               Conj           #...         22%         1    None
 Blink                    Tloc           N/A          32%         2    ##.....
 Call Imp                 Summ           #.......     32%         2    ##.....
 Slow                     Hex            #.......     32%         2    ##.....
 Sticks to Snakes         Tmut           #.......     32%         2    ##.....
 Conjure Flame            Conj/Fire      #.......     54%         3    ###....
 Mephitic Cloud           Conj/Pois/Air  #.......     54%         3    ###....
 Spider Form              Tmut/Pois      #.........   54%         3    ###....
 Ice Form                 Ice/Tmut       #.......     91%         4    ####...
 Blade Hands              Tmut           #.........   99%         5    ######.


Dungeon Overview and Level Annotations

Branches:
Dungeon (14/15)            Temple (1/1) D:4            Lair (0/6) D:9
    Orc (1/2) D:9
 Vaults: D:13-14

Altars:
Ashenzari
Cheibriados
Dithmenos
Elyvilon
Fedhas
Gozag
Hepliaklqana
Kikubaaqudgha
Makhleb
Nemelex Xobeh
Okawaru
Qazlal
Ru
Sif Muna
Trog
Uskayaw
Vehumet
Wu Jian
Xom
Yredelemnul
Zin
The Shining One

Annotations:
D:3 3 runed translucent doors, Error4North's ghost, amateur HOFi
D:7 2 transporters, Borgoz's ghost, novice GrBe
D:9 1 runed translucent door, Shadow153's ghost, novice MiFi
D:11 Kirke
D:12 Nergalle


Message History

The harpy claws you! The harpy misses you. The harpy barely misses you.
The harpy closely misses you.
The harpy screeches!
The harpy closely misses you. x2
The harpy screeches!
The harpy misses you. The harpy claws you. The harpy claws you!
* * * LOW HITPOINT WARNING * * *
The harpy closely misses you. The harpy closely misses you.
The harpy claws you.
* * * LOW HITPOINT WARNING * * *
The harpy screeches!
The harpy misses you. The harpy closely misses you.
Kirke mumbles some strange words.
Kirke flickers and vanishes!
Deactivating autopickup; reactivate with Ctrl-A.
The harpy closely misses you. The harpy barely misses you.
The harpy closely misses you. The harpy barely misses you. The harpy claws you!
You die...

#####..........# #..# #####
......####.....######.####
####..# #.#...#.........##
#..####.##.#....###....#######
#.......##.......#............
#...#####.....#..#..#.....####
####.............#######......###
.................#..#..#........#
..###..#....###.h...#.....###...#
)............#..HH.###..)((#.....
(..)......#..#..#......(#..#..#..
..........#######H......#######..
..)..###..#..#.[#..###..#..#..#..
......#......#..H...#......#.....
#..#..#..#..###..#..#..#(.###(.#.
#..#######.......#######(..((..##
#..#..#..#..[)...#..#..#.(.....#.


You could see a manticore and 2 harpies.

Vanquished Creatures
  A tengu reaver (D:11)
  Erolcha (D:10)
  A centaur warrior (D:10)
  6 two-headed ogres
  A tengu warrior (D:11)
  4 skeletal warriors
  A deep elf mage (D:11)
  An orc sorcerer (D:9)
  2 ugly things
  A manticore (D:11)
  2 gargoyles (D:13)
  A tengu conjurer (D:13)
  3 trolls
  A meliai (D:11)
  A hornet (D:10)
  2 hippogriffs
  A redback (D:11)
  3 hogs (D:11)
  19 yaks
  6 wyverns
  Grum (D:10)
  2 hungry ghosts
  An acid dragon (D:11)
  A water moccasin (D:6)
  Duvessa (D:6)
  2 phantoms
  2 ice beasts (D:8)
  2 sky beasts
  8 orc warriors
  2 eyes of draining
  4 wolves (D:10)
  2 black bears
  6 ogres
  15 centaurs
  A crocodile (D:13)
  4 big kobolds
  A wyvern zombie (D:11)
  8 bullfrogs
  6 scorpions
  2 troll zombies (D:9)
  Dowan (D:6)
  A water moccasin skeleton (D:8)
  A wyvern skeleton (D:10)
  5 wights (D:13)
  6 killer bees (D:7)
  5 howler monkeys
  8 jellies
  6 crimson imps
  2 bullfrog zombies (D:11)
  2 quasits
  5 centaur zombies
  8 hounds
  3 bullfrog skeletons
  7 orc priests
  2 centaur skeletons
  14 orc wizards
  4 iguanas
  8 worker ants
  6 ogre zombies (D:9)
  A hound zombie (D:10)
  2 hound skeletons
  2 worker ant zombies
  2 howler monkey skeletons
  18 adders
  8 gnolls (D:4)
  8 shadow imps
  5 oozes (D:8)
  2 adder skeletons
  3 worms
  2 dart slugs
  4 leopard geckos
  39 orcs
  5 giant cockroaches
  9 hobgoblins
  19 jackals
  6 quokkas
  2 ball pythons
  7 bats
  8 frilled lizards
  10 goblins
  A goblin skeleton (D:9)
  3 goblin zombies (D:9)
  A hobgoblin skeleton (D:9)
  8 hobgoblin zombies (D:9)
  A jackal skeleton (D:3)
  24 kobolds
  A leopard gecko zombie (D:6)
  12 orc zombies (D:9)
  A quokka skeleton (D:5)
  9 rats
446 creatures vanquished.

Vanquished Creatures (others)
  A centaur (D:11)
  A fungus (D:8)
  A plant (D:9)
3 creatures vanquished.

Grand Total: 449 creatures vanquished

Notes
Turn   | Place    | Note
-------+----------+-------------------------------------------
     0 | D:1      | Error4North the Hill Orc Fighter began the quest for the
                  | Orb.
     0 | D:1      | Reached XP level 1. HP: 19/19 MP: 1/1
   224 | D:1      | Reached XP level 2. HP: 24/26 MP: 2/2
   583 | D:1      | Reached XP level 3. HP: 25/31 MP: 3/3
  1267 | D:2      | Reached XP level 4. HP: 40/40 MP: 4/4
  2086 | D:2      | Reached skill level 1 in Slings
  2336 | D:3      | Reached XP level 5. HP: 42/46 MP: 6/6
  2378 | D:3      | Reached skill level 1 in Spellcasting
  2383 | D:3      | Upgraded the game from 0.25-a0-356-g7c9d860b3b to
                  | 0.25-a0-364-ge76b031baf
  2757 | D:3      | Noticed an ogre
  2892 | D:3      | Found a runed translucent gate.
  2892 | D:3      | Found a runed translucent gate.
  2892 | D:3      | Found a runed translucent gate.
  2893 | D:3      | Noticed Error4North's ghost (amateur HOFi)
  2904 | D:3      | Found a burning altar of Makhleb.
  3398 | D:4      | Noticed an ogre
  3400 | D:4      | Found a staircase to the Ecumenical Temple.
  3405 | D:4      | Killed an ogre
  3405 | D:4      | Reached XP level 6. HP: 52/52 MP: 6/8
  3485 | D:4      | Found a white marble altar of Elyvilon.
  3677 | D:4      | Reached skill level 5 in Armour
  3828 | Temple   | Entered the Ecumenical Temple
  3927 | Temple   | Became a worshipper of Warmaster Okawaru
  4357 | D:4      | Found a radiant altar of Vehumet.
  4358 | D:4      | Found a bloodstained altar of Trog.
  4358 | D:4      | Found a shattered altar of Ashenzari.
  4358 | D:4      | Found a blossoming altar of Fedhas.
  4358 | D:4      | Found a glowing silver altar of Zin.
  4359 | D:4      | Found a snail-covered altar of Cheibriados.
  4360 | D:4      | Found a shimmering altar of Xom.
  4489 | D:5      | Entered Level 5 of the Dungeon
  4526 | D:5      | Reached skill level 5 in Shields
  4526 | D:5      | Reached XP level 7. HP: 59/60 MP: 9/9
  4676 | D:5      | Reached skill level 1 in Evocations
  4933 | D:5      | Reached * piety under Okawaru
  5073 | D:5      | Reached skill level 5 in Fighting
  5079 | D:5      | Reached XP level 8. HP: 68/68 MP: 9/11
  5257 | D:6      | Reached skill level 5 in Axes
  5325 | D:6      | Noticed Duvessa
  5325 | D:6      | Noticed Dowan
  5333 | D:6      | Killed Dowan
  5344 | D:6      | Killed Duvessa
  5386 | D:6      | Found the cursed +14 obsidian axe {chop, +Fly SInv *Curse}
  5407 | D:6      | Noticed a two-headed ogre
  5633 | D:6      | Killed a two-headed ogre
  5633 | D:6      | Reached ** piety under Okawaru
  5633 | D:6      | Reached XP level 9. HP: 49/75 MP: 11/13
  5683 | D:6      | Found a sacrificial altar of Ru.
  5954 | D:7      | Found an iron altar of Okawaru.
  5977 | D:7      | Reached *** piety under Okawaru
  6142 | D:7      | Found a transporter.
  6142 | D:7      | Noticed Borgoz's ghost (novice GrBe)
  6156 | D:7      | Found a transporter.
  6254 | D:7      | Reached skill level 1 in Invocations
  6336 | D:7      | Reached XP level 10. HP: 84/84 MP: 15/15
  6596 | D:7      | Received a gift from Okawaru
  7218 | D:8      | Upgraded the game from 0.25-a0-364-ge76b031baf to
                  | 0.25-a0-365-g7600c65aa0
  7617 | D:9      | Reached **** piety under Okawaru
  7648 | D:9      | Noticed a two-headed ogre
  7832 | D:8      | Reached skill level 5 in Evocations
  7861 | D:9      | Noticed a two-headed ogre
  7974 | D:9      | Found a staircase to the Orcish Mines.
  8043 | D:9      | Received a gift from Okawaru
  8074 | D:9      | Reached XP level 11. HP: 69/92 MP: 17/17
  8112 | D:9      | Found a runed translucent door.
  8122 | D:9      | Reached skill level 10 in Shields
  8137 | D:9      | Reached skill level 10 in Axes
  8145 | D:9      | Noticed Shadow153's ghost (novice MiFi)
  8184 | D:9      | Found a staircase to the Lair.
  8207 | D:9      | Killed a two-headed ogre
  8239 | D:9      | Killed a two-headed ogre
  8239 | D:9      | Reached ***** piety under Okawaru
  8621 | Orc:1    | Entered Level 1 of the Orcish Mines
  8621 | Orc:1    | Noticed an orc sorcerer
  8630 | D:9      | Killed an orc sorcerer
  8674 | D:10     | Entered Level 10 of the Dungeon
  8754 | D:10     | Noticed Erolcha
  8767 | D:10     | Killed Erolcha
  8767 | D:10     | Received a gift from Okawaru
  8892 | D:10     | Noticed a green ugly thing
  8916 | D:10     | Killed a green ugly thing
  9226 | D:10     | Reached skill level 5 in Invocations
  9380 | D:10     | Noticed Grum
  9395 | D:10     | Killed Grum
  9645 | D:11     | Noticed a deep elf mage
  9647 | D:11     | Reached XP level 12. HP: 88/103 MP: 11/18
  9649 | D:11     | Reached skill level 1 in Dodging
  9657 | D:11     | Noticed a tengu warrior
  9960 | D:11     | Found a sacrificial altar of Ru.
 10184 | D:11     | Noticed a centaur warrior
 10218 | D:10     | Killed a centaur warrior
 10357 | D:10     | Upgraded the game from 0.25-a0-365-g7600c65aa0 to
                  | 0.25-a0-366-g516bc45ae0
 10483 | D:11     | Killed a tengu warrior
 10516 | D:11     | Received a gift from Okawaru
 10560 | D:11     | Reached skill level 5 in Spellcasting
 11241 | D:12     | You fall into a shaft and drop 1 floor!
 11245 | D:13     | Found a stormy altar of Qazlal.
 11512 | D:14     | Noticed a four-headed hydra
 11512 | D:14     | Noticed a two-headed ogre
 12019 | D:12     | Received a gift from Okawaru
 12035 | D:12     | Got a dazzling plate armour {god gift}
 12037 | D:12     | Noticed Nergalle
 12037 | D:12     | Noticed a two-headed ogre
 12059 | D:11     | Noticed a two-headed ogre
 12074 | D:11     | Reached XP level 13. HP: 41/111 MP: 13/20
 12327 | D:11     | Identified the +1 plate armour of the Ego {rElec MP+9}
                  | (Okawaru gifted it to you on level 12 of the Dungeon)
 12342 | D:12     | Noticed a tengu reaver
 12379 | D:11     | Killed a tengu reaver
 12861 | D:12     | Noticed Kirke
 12904 | D:11     | Slain by a harpy

Levels and vault maps discovered:
D:1:      dpeg_arrival_lava_temple_mockup, layout_basic, minmay_liquid_box
D:2:      layout_loops_ring, first_ration
D:3:      minmay_recursive_quarters, layout_basic, lightli_temple_of_fire,
          gammafunk_ghost_necromancy, st_stairs_11
D:4:      layout_rooms, elyvilon_altar_1, minitemple,
          minmay_temple_entry_large_hall
D:5:      minmay_chambers_of_fours, layout_rooms
D:6:      layout_rooms, lemuel_round_altar, uniq_duvessa
D:7:      layout_basic, gammafunk_ghost_mausoleum, okawaru_ov_weapons_minmay
D:8:      layout_cave_pools, hangedman_little_slice_of_home, fungi_pond_lemuel
D:9:      layout_cave_pools, dpeg_oklobed_lair, zombieorc2_lemuel,
          ebering_ghost_reflecting_pool
D:10:     layout_irregular_city, uniq_erolcha, uniq_grum
D:11:     hangedman_cross_cluster, layout_loops_ring,
          nicolae_ru_sacrificial_ziggurat
D:12:     evilmike_diamond_1, layout_cave_pools, uniq_nergalle, uniq_kirke
D:13:     layout_irregular_city, grunt_qazlal_sundering
D:14:     layout_big_octagon, grunt_vaults_entry_tiered, serial_bayou_shore_b
Temple:   hc_temple_tempest_star
Orc:1:    layout_diamond_mine, bloody_makhleb

Skill      XL: |  1  2  3  4  5  6  7  8  9 10 11 12 13 |
---------------+----------------------------------------+-----
Axes           | 3 4 7 8 9 10 12 | 12.3
Armour         | 4 5 6 7 8 9 |  9.1
Slings         | 1 2 3 |  3.7
Spellcasting   | 1 2 3 4 5 |  5.5
Shields        | 4 5 6 7 8 9 10 12 | 12.6
Fighting       | 4 5 6 7 8 9 |  9.9
Evocations     | 1 3 4 5 6 7 |  7.6
Invocations    | 1 3 5 6 7 |  7.4
Dodging        | 1 |  1.0
Stealth        | |  0.4

Action                   |  1- 3 |  4- 6 |  7- 9 | 10-12 | 13-15 || total
-------------------------+-------+-------+-------+-------+-------++-------
Melee: War axe           |    94 |    12 |       |       |    24 ||   130
       Broad axe         |       |   194 |   289 |   722 |    34 ||  1239
       Unarmed           |       |       |       |       |     7 ||     7
 Fire: Hunting sling     |    47 |    42 |    51 |   102 |     6 ||   248
Throw: Stone             |       |     1 |     1 |     1 |       ||     3
Invok: Heroism           |       |       |     4 |    19 |     3 ||    26
       Finesse           |       |       |       |     5 |     3 ||     8
Evoke: Wand              |       |       |       |     5 |       ||     5
  Use: Potion            |       |     2 |     1 |     5 |     2 ||    10
       Scroll            |       |     3 |       |     4 |     1 ||     8
 Stab: Distracted        |       |       |       |     1 |       ||     1
  Eat: Chunk             |     1 |     5 |     9 |    13 |       ||    28
       Ration            |       |     2 |       |     3 |     1 ||     6
Armor: Scale mail        |    55 |     9 |       |       |       ||    64
       Plate armour      |       |   215 |   250 |   320 |    32 ||   817
       Skin              |       |       |    25 |       |       ||    25
Dodge: Dodged            |    27 |    53 |    27 |    73 |    29 ||   209
Block: Shield            |    57 |   171 |       |       |       ||   228
       Large shield      |       |    33 |   393 |   816 |    63 ||  1305

Table legend:
 A = Non-vault XP
 B = Vault XP
 C = Vault XP percentage of total XP
 D = Non-vault monster count
 E = Vault monster count
 F = Vault count percentage of total count
                 A         B        C        D         E       F
            +---------+---------+-------+---------+---------+-------
      Total |   27186 |   12037 |  30.7 |     343 |     104 |  23.3
            +---------+---------+-------+---------+---------+-------
        D:1 |      42 |       0 |   0.0 |      25 |       0 |   0.0
        D:2 |     112 |      13 |  10.4 |      26 |       1 |   3.7
        D:3 |      50 |      21 |  29.6 |      12 |      12 |  50.0
        D:4 |     329 |       0 |   0.0 |      16 |       0 |   0.0
        D:5 |     658 |      88 |  11.8 |      16 |       4 |  20.0
        D:6 |    1545 |     211 |  12.0 |      29 |       2 |   6.5
        D:7 |    2105 |       0 |   0.0 |      56 |       0 |   0.0
        D:8 |    1611 |     158 |   8.9 |      29 |       8 |  21.6
        D:9 |    5248 |     662 |  11.2 |      32 |      36 |  52.9
       D:10 |    2812 |    2607 |  48.1 |      21 |       8 |  27.6
       D:11 |    7303 |    8277 |  53.1 |      52 |      33 |  38.8
       D:12 |    3226 |       0 |   0.0 |       8 |       0 |   0.0
       D:13 |    2145 |       0 |   0.0 |      21 |       0 |   0.0
            +---------+---------+-------+---------+---------+-------
